 Dungeon Crawl Stone Soup version 0.18-a0-1497-g788d838 (webtiles) character file.

371 Tomstefer the Insei (level 6, 0/33 HPs)
             Began as a Vine Stalker Monk on Mar 4, 2016.
             Slain by an iguana (9 damage)
             ... on level 4 of the Dungeon.
             The game lasted 00:06:39 (2653 turns).

Tomstefer the Insei (Vine Stalker Monk)             Turns: 2653, Time: 00:06:40

Health: 0/33       AC: 10    Str: 14    XL:     6   Next: 70%
Magic:  0/7        EV:  7    Int: 10    God:
Gold:   124        SH:  0    Dex: 18    Spells: 0 memorised, 5 levels left

rFire  . . .     SeeInvis +       - Unarmed
rCold  . . .     Gourm    .     h - +0 chain mail (curse)
rNeg   . . .     Faith    .     (no shield)
rPois  .         Spirit   +     k - +0 helmet
rElec  .         Dismiss  .     l - +0 cloak
rCorr  .         Reflect  .     (no gloves)
SustAt .         Harm     .     (no boots)
MR     .....                    (no amulet)
Stlth  ..........               (no ring)
                                t - ring of see invisible

@: not resistant to hostile enchantments, extremely unstealthy
A: fangs 2, regeneration 2, magic shield, antimagic bite, no device heal 3, rot
immunity
a: no special abilities


You were on level 4 of the Dungeon.
You were not hungry.

You visited 1 branch of the dungeon, and saw 4 of its levels.

You collected 124 gold pieces.

Inventory:

Missiles
 a - 65 stones (quivered)
Armour
 h - a cursed +0 chain mail (worn)
 k - a +0 helmet (worn)
 l - a +0 cloak (worn)
Jewellery
 t - a ring of see invisible (left hand)
Wands
 j - a wand of slowing (29/48)
Scrolls
 c - 4 scrolls of remove curse {unknown}
 d - a scroll of teleportation
 g - a scroll of enchant weapon
 q - a scroll of identify
 r - a scroll of recharging {unknown}
Potions
 e - a potion of lignification {unknown}
 f - 4 potions of curing {unknown}
 i - a potion of cure mutation {unknown}
 o - a potion of agility
 p - a potion of brilliance {unknown}
Comestibles
 b - 2 bread rations
 m - a royal jelly
 n - a meat ration
 s - 5 chunks of flesh


   Skills:
 + Level 4.1 Fighting
 + Level 3.3 Dodging
 - Level 2.4 Stealth
 * Level 6.4 Unarmed Combat


You had 5 spell levels left.
You didn't know any spells.

Dungeon Overview and Level Annotations

Branches:
Dungeon (4/15)
 Temple: D:4-7

Altars:
Fedhas
Kikubaaqudgha
Qazlal


Innate Abilities, Weirdness & Mutations

You have extremely sharp teeth.
You heal very quickly.
When hurt, damage is shared between your health and your magic reserves.
Your bite disrupts and absorbs the magic of your enemies.
Potions and wands cannot restore your health.
You are immune to rotting.


Message History

Beogh smites you!
* * * LOW HITPOINT WARNING * * *
The orc priest hits you with an enchanted trident.
* * * LOW HITPOINT WARNING * * *
You hit the orc priest but do no damage.
You bite the orc priest, but do no damage.
The orc priest is severely wounded.
The orc priest hits you but does no damage.
The iguana bites you but does no damage.
The orc priest hits you but does no damage.
Unknown command.
You punch the orc priest!
You kill the orc priest!
The iguana barely misses you.
Unknown command.
You are too injured to fight recklessly!
You punch the iguana!
The iguana is heavily wounded.
The iguana bites you!
You die...

#....#...#....#
#....#...'....#
#....#...#....#
#....#+###....#+# 8
#............... #.
#.>............. ##.
#............... ....
#............... #...
#...l@.)........
##....###)#####+######
......†..).......
##...............
#.....#########.
#..... ....... .......
.......


You could see an iguana.

Vanquished Creatures
  A howler monkey (D:4)
  An orc priest (D:4)
  2 orc wizards (D:3)
  Jessica (D:3)
  Natasha (twice) (D:2)
  Robin (D:2)
  4 adders (D:3)
  An ooze (D:1)
  3 worms (D:2)
  2 dart slugs
  2 giant geckos (D:3)
  7 orcs
  6 bats
  5 giant cockroaches
  16 goblins
  10 hobgoblins
  11 jackals
  7 kobolds
  3 quokkas
  A ball python (D:3)
  4 giant newts
  11 rats
101 creatures vanquished.

Notes
Turn   | Place    | Note
--------------------------------------------------------------
     0 | D:1      | Tomstefer the Vine Stalker Monk began the quest for the Orb.
     0 | D:1      | Reached XP level 1. HP: 11/11 MP: 2/2
   279 | D:1      | Reached XP level 2. HP: 16/16 MP: 3/3
   531 | D:1      | Reached XP level 3. HP: 19/19 MP: 4/4
   645 | D:2      | Noticed Natasha
   725 | D:2      | Killed Natasha
   725 | D:2      | Reached skill level 5 in Unarmed Combat
   815 | D:2      | Reached XP level 4. HP: 22/24 MP: 5/5
  1052 | D:2      | Noticed Robin
  1065 | D:2      | Killed Robin
  1147 | D:2      | Found an ancient bone altar of Kikubaaqudgha.
  1309 | D:2      | Noticed Natasha
  1322 | D:2      | Killed Natasha
  1322 | D:2      | Reached XP level 5. HP: 21/28 MP: 4/6
  1905 | D:3      | Found a stormy altar of Qazlal.
  1926 | D:3      | Found a blossoming altar of Fedhas.
  2222 | D:3      | Noticed Jessica
  2229 | D:3      | Killed Jessica
  2313 | D:3      | Gained mutation: You heal very quickly. [Vine Stalker growth]
  2313 | D:3      | Reached XP level 6. HP: 33/33 MP: 7/7
  2319 | D:3      | Reached skill level 6 in Unarmed Combat
  2653 | D:4      | Slain by an iguana

Vault maps used:
D:1:      eino_arrival_cavern_c, st_stairs_8
D:2:      kiku_gazebo_garden_becter, uniq_natasha, uniq_robin
D:3:      grunt_temple_overflow_forces_of_nature, st_stairs_13, hex_large,
          uniq_jessica
D:4:      nicolae_overflow_quartered_altars, first_bread, serial_shops,
          nicolae_shop_statue_plus, shop, nemelex_diamond_rough_becter,
          uniq_crazy_yiuf_cottage, uniq_edmund

Skill      XL: |  1  2  3  4  5  6 |
---------------+-------------------+-----
Fighting       | 3 4 |  4.1
Unarmed Combat | 5 6 |  6.4
Dodging        | 3 |  3.3
Stealth        | |  2.4

Action                   |  1- 3 |  4- 6 || total
-------------------------+-------+-------++-------
Melee: Unarmed           |    73 |   267 ||   340
  Use: Scroll            |     3 |       ||     3
 Stab: Sleeping          |     3 |       ||     3
  Eat: Chunk             |       |     6 ||     6
